 Dungeon Crawl Stone Soup version 0.20-a0-507-gc86f373 (webtiles) character file.

633 Glaeka the Slasher (level 7, -2/55 HPs)
             Began as a Formicid Fighter on Jan 21, 2017.
             Killed from afar by an orc wizard (6 damage)
             ... with a magic dart
             ... on level 5 of the Dungeon.
             The game lasted 00:17:11 (2317 turns).

Glaeka the Slasher (Formicid Fighter)               Turns: 2317, Time: 00:17:11

Health: -2/55      AC:  9    Str: 22    XL:     7   Next: 78%
Magic:  7/7        EV:  8    Int:  8    God:
Gold:   189        SH:  9    Dex: 10    Spells: 6/6 levels left

rFire    . . .     SeeInvis +   a - +0 long sword
rCold    . . .     Gourm    .   b - +0 scale mail
rNeg     . . .     Faith    .   c - +0 shield
rPois    .         Spirit   .   (helmet unavailable)
rElec    .         Reflect  .   o - +0 cloak
rCorr    .         Harm     .   r - +0 pair of gloves
MR       .....                  (no boots)
Stlth    ..........             (no amulet)
Regen    0.2/turn               (no ring)
                                (no ring)

@: no status effects
A: permanent stasis, dig shafts and tunnels, four strong arms, antennae 3
a: Dig, Shaft Self


You were on level 5 of the Dungeon.
You were full.

You visited 1 branch of the dungeon, and saw 5 of its levels.

You collected 189 gold pieces.

Inventory:

Hand Weapons
 a - a +0 long sword (weapon)
Missiles
 j - 27 poisoned needles
Armour
 b - a +0 scale mail (worn)
 c - a +0 shield (worn)
 o - a +0 cloak (worn)
 r - a +0 pair of gloves (worn)
Scrolls
 e - 3 scrolls of amnesia
 g - 3 scrolls of remove curse {unknown}
 h - a scroll of teleportation {unknown}
 k - a scroll of fear {unknown}
 n - 3 scrolls of noise {unknown}
 p - 6 scrolls of identify {unknown}
Comestibles
 f - 5 bread rations
 i - 2 meat rations
 m - 4 royal jellies


   Skills:
 + Level 4.5 Fighting
 * Level 6.7 Long Blades
 + Level 0.4 Throwing
 + Level 5.0 Armour
 - Level 3.6 Shields


You had 6 spell levels left.
You didn't know any spells.

Dungeon Overview and Level Annotations

Branches:
Dungeon (5/15)
 Temple: D:4-7

Altars:
Kikubaaqudgha
Okawaru
Uskayaw

Portals:
Ossuary: D:5

Annotations:
D:3 drugrobin's ghost, amateur DgWr
D:4 Edmund


Innate Abilities, Weirdness & Mutations

You cannot be hasted, slowed, berserked, paralysed or teleported.
You can dig through walls and to a lower floor.
Your four strong arms can wield two-handed weapons with a shield.
You have a pair of large antennae on your head. (SInv)


Message History

a trident; a leather armour; an orc corpse; a hound corpse You slash the orc!
You kill the orc!
You hit the orc wizard.
The orc wizard is lightly wounded.
The orc wizard hits you but does no damage.
You closely miss the orc wizard.
The orc wizard is lightly wounded.
You block the orc wizard's attack.
You are feeling hungry.
Your shield and scale mail prevent you from hitting the orc wizard.
The orc wizard is lightly wounded.
The orc wizard mumbles some strange words.
The orc wizard blinks!
You eat one of the 3 meat rations.
That meat ration really hit the spot!
The orc wizard casts a spell.
The orc wizard seems to speed up.
The orc wizard gestures at you while chanting.
The magic dart hits you!
You die...

..∩ ... { ... #<# ..#
#.# #.# #.# #@# #)# .#
#)## #.# ###..######
#.#
#########..o......###.#
#
#.........#........##.#
.#
#.#########..####..##>#
#.# #.#
#...####..##.##.. #.#
#....†)Y.....#.#.#.


You could see an orc wizard.

Vanquished Creatures
  2 ice beasts (D:5)
  A phantom (D:4)
  An ogre (D:5)
  A hound (D:5)
  An orc wizard (D:2)
  A worker ant (D:5)
  An iguana (D:5)
  A howler monkey zombie (D:5)
  9 adders
  An adder zombie (D:5)
  2 dart slugs
  2 worms
  3 leopard geckos
  4 orcs
  6 bats
  4 giant cockroaches
  3 goblins
  8 hobgoblins
  2 jackals (D:3)
  7 kobolds
  A quokka (D:5)
  4 frilled lizards
  4 rats
69 creatures vanquished.

Notes
Turn   | Place    | Note
-------+----------+-------------------------------------------
     0 | D:1      | Glaeka the Formicid Fighter began the quest for the Orb.
     0 | D:1      | Reached XP level 1. HP: 18/18 MP: 1/1
   322 | D:1      | Reached XP level 2. HP: 23/24 MP: 2/2
   726 | D:1      | Reached XP level 3. HP: 29/29 MP: 3/3
   839 | D:2      | Reached skill level 3 in Long Blades
   978 | D:2      | Reached XP level 4. HP: 37/37 MP: 4/4
  1353 | D:2      | Found a hide-covered altar of Uskayaw.
  1354 | D:2      | Found an ancient bone altar of Kikubaaqudgha.
  1440 | D:2      | Reached XP level 5. HP: 40/42 MP: 5/5
  1442 | D:2      | Reached skill level 4 in Long Blades
  1817 | D:3      | Noticed drugrobin's ghost (amateur DgWr)
  1847 | D:4      | Noticed a phantom
  1866 | D:4      | Killed a phantom
  1866 | D:4      | Reached skill level 5 in Long Blades
  1866 | D:4      | Reached XP level 6. HP: 29/48 MP: 6/6
  1903 | D:4      | Noticed Edmund
  1937 | D:5      | Entered Level 5 of the Dungeon
  1977 | D:5      | Found an iron altar of Okawaru.
  1999 | D:5      | Noticed an ice beast
  2024 | D:5      | Killed an ice beast
  2098 | D:5      | Noticed an ogre
  2111 | D:5      | Killed an ogre
  2111 | D:5      | Reached skill level 6 in Long Blades
  2111 | D:5      | Reached XP level 7. HP: 22/55 MP: 7/7
  2282 | D:5      | HP: 2/55 [poisoned by a worker ant]
  2287 | D:5      | HP: 1/55 [poisoned by a worker ant]
  2293 | D:5      | Found a sand-covered staircase.
  2295 | D:5      | HP: 1/55 [poisoned by a worker ant]
  2307 | D:5      | Reached skill level 5 in Armour
  2317 | D:5      | Killed from afar by an orc wizard

Vault maps used:
D:1:      saegor_arrival_simple_d, lexackson_kobold_supper
D:2:      gammafunk_temple_overflow_statue
D:3:      first_bread, minivault_5, st_stairs_10, fedhas_altar_2
D:4:      fountainhead, uniq_edmund
D:5:      enter_ossuary_1, basic_altar

Skill      XL: |  1  2  3  4  5  6  7 |
---------------+----------------------+-----
Long Blades    | 3 5 6 |  6.7
Armour         | 4 5 |  5.0
Fighting       | 4 |  4.5
Throwing       | |  0.4
Shields        | |  3.6

Action                   |  1- 3 |  4- 6 |  7- 9 || total
-------------------------+-------+-------+-------++-------
Melee: Long sword        |    68 |   162 |    55 ||   285
Throw: Tomahawk          |       |     6 |     2 ||     8
  Use: Potion            |       |     3 |     1 ||     4
       Scroll            |       |     1 |       ||     1
  Eat: Fruit             |       |     2 |       ||     2
       Chunk             |       |     3 |       ||     3
       Meat ration       |       |       |     1 ||     1
Armor: Scale mail        |    35 |    73 |    28 ||   136
Dodge: Dodged            |    14 |    39 |    24 ||    77
Block: Shield            |    20 |    68 |    31 ||   119
       Rpst.: Long sword |     7 |    14 |     4 ||    25
